 Dungeon Crawl Stone Soup version 0.31-a0-18-gea43df2a32 (webtiles) character file.

Game seed: 15816118439562454620

76 scionoferis the Magician (level 4, -3/34 HPs)
             Began as a Djinni Warper on May 12, 2023.
             Slain by Ijyb
             ... wielding a +8 club
              (9 damage)
             ... while paralysed by Ijyb
             ... on level 3 of the Dungeon.
             The game lasted 00:04:17 (1853 turns).

scionoferis the Magician (Djinni Warper)            Turns: 1853, Time: 00:04:18

Health: -3/34      AC:  3    Str: 10    XL:     4   Next: 57%
Gold:   102        EV:  2    Int: 17    God:
                   SH:  0    Dex: 12

rFire   + + .        a - +0 falchion
rCold   x . .        (no shield)
rNeg    . . .        b - +0 leather armour
rPois   ∞            (no helmet)
rElec   .            (no cloak)
rCorr   .            (no gloves)
SInv    .            (boots unavailable)
Will    .....        (no amulet)
Stlth   +            (no ring)
HPRegen 0.25/turn    (no ring)
MPRegen 0.00/turn

%: infuse magic (-4 HP)
@: paralysed, flying
A: sickness immunity, fire resistance 2, cold vulnerability 1, float, innate
caster, HP casting, extra vitality 1
a: no special abilities


You were on level 3 of the Dungeon.
You visited 1 branch of the dungeon, and saw 3 of its levels.

You collected 102 gold pieces.


Innate Abilities, Weirdness & Mutations

You are immune to sickness and miasma.
You are immune to poison.
Your flesh is very heat resistant. (rF++)
You are vulnerable to cold. (rC-)
You float through the air rather than walking.
You learn spells naturally, not from books.
Your magical power is your life essence.
You have superior vitality. (+4 MHP)


   Skills:
 + Level 2.5 Fighting
 * Level 2.6 Long Blades
 - Level 0.7 Throwing
 - Level 1.0 Armour
 - Level 2.1 Dodging
 + Level 1.2 Stealth
 * Level 3.0 Spellcasting


You knew the following spells:

 Your Spells              Type           Power      Damage    Failure   Level
a - Blink                 Tloc           24%        N/A       11%         2
b - Lesser Beckoning      Tloc           24%        N/A       11%         2
c - Vhi's Electric Charg  Tloc/Air       24%        N/A       21%         3
d - Teleport Other        Tloc           12%        N/A       21%         3
e - Manifold Assault      Tloc           12%        N/A       56%         4
f - Apportation           Tloc           24%        N/A       7%          1
Your spell library was empty.

Inventory:

Hand Weapons
 a - a +0 falchion (weapon)
 e - a +0 long sword
   (You found it on level 1 of the Dungeon)
Missiles
 d - 7 boomerangs of dispersal (quivered)
 p - 3 poisoned darts
Armour
 b - a +0 leather armour (worn)
Scrolls
 c - a scroll of blinking
 f - a scroll of acquirement {unknown}
 g - a scroll of torment {unknown}
 l - 2 scrolls of identify {unknown}
 m - a scroll of vulnerability {unknown}
 o - a scroll of magic mapping {unknown}
Potions
 h - a potion of mutation {unknown}
 i - a potion of lignification {unknown}
 j - 3 potions of curing {unknown}
 k - a potion of might {unknown}
 n - a potion of flight {unknown}

Dungeon Overview and Level Annotations

Branches:
Dungeon (3/15)

Altars:

Shops:
D:1 =

Annotations:
D:2 Terence
D:3 Ijyb

######## #......#
#......# ####
#......####
#...########..........
...........#......###
................@.#
......)...)..##g#######.
.......<.....##w........
........†....##........#
.............##........#
.............##.......)#
#.#....................#
# #.........###...g....#
#.......... ###...#.w.


You could see Ijyb and a worm.


Message History

Welcome, scionoferis the Djinni Warper.
They say the Orb of Zot lies within this dungeon, but they say a lot of things.
Press ? for a list of commands and other information.
Found a staircase leading out of the dungeon.
You begin with the following spells memorised: Blink, Lesser Beckoning, Vhi's Electric Charge, Teleport Other, Manifold Assault.
An endoplasm comes into view.
You hit the endoplasm.
The endoplasm is almost dead.
The endoplasm hits you but does no damage.
You hit the endoplasm.
You kill the endoplasm!
No target in view!
A rat comes into view.
The rat bites you but does no damage.
You hit the rat.
The rat is heavily wounded.
The rat closely misses you.
You barely miss the rat.
The rat is heavily wounded.
The rat bites you.
You hit the rat.
You kill the rat!
No target in view!
HP restored.
A hobgoblin comes into view.
The hobgoblin shouts!
A hobgoblin is nearby!
A giant cockroach comes into view.
A giant cockroach comes into view.
The hobgoblin hits you.
You hit the hobgoblin.
The hobgoblin is almost dead.
The hobgoblin hits you.
You hit the hobgoblin.
You kill the hobgoblin!
The giant cockroach closely misses you.
You hit the giant cockroach.
The giant cockroach is almost dead.
The giant cockroach bites you but does no damage.
You hit the giant cockroach.
You kill the giant cockroach!
The giant cockroach bites you but does no damage.
You hit the giant cockroach.
The giant cockroach is almost dead.
The giant cockroach bites you but does no damage.
You closely miss the giant cockroach.
The giant cockroach is almost dead.
The giant cockroach barely misses you.
You hit the giant cockroach.
You kill the giant cockroach!
Your Long Blades skill increases to level 2!
You have reached level 2!
You see here a giant cockroach corpse.
Found a long sword.
A giant cockroach comes into view.
You see here 10 gold pieces.
You hit the giant cockroach.
The giant cockroach is heavily wounded.
The giant cockroach bites you.
You closely miss the giant cockroach.
The giant cockroach is heavily wounded.
The giant cockroach bites you but does no damage.
The giant cockroach bites you.
You closely miss the giant cockroach. Your punch misses the giant cockroach.
The giant cockroach is moderately wounded.
The giant cockroach barely misses you.
You closely miss the giant cockroach.
The giant cockroach is moderately wounded.
The giant cockroach misses you. The giant cockroach barely misses you.
You hit the giant cockroach but do no damage.
The giant cockroach is moderately wounded.
The giant cockroach closely misses you.
You hit the giant cockroach but do no damage.
You punch the giant cockroach.
The giant cockroach is heavily wounded.
The giant cockroach bites you.
The giant cockroach bites you but does no damage.
You hit the giant cockroach.
You kill the giant cockroach!
No target in view!
You see here a giant cockroach corpse.
You see here a +0 long sword.
e - a +0 long sword You see here a giant cockroach corpse.
You now have 10 gold pieces.
A bat comes into view.
A bat is nearby!
The bat hits you. The bat hits you but does no damage.
You completely miss the bat. The bat closely misses you.
You closely miss the bat. The bat hits you but does no damage.
The bat barely misses you. The bat closely misses you.
The bat barely misses you.
You closely miss the bat. The bat hits you.
The bat hits you but does no damage. The bat hits you.
You hit the bat.
You kill the bat!
No target in view!
A quokka comes into view.
A hobgoblin comes into view.
The hobgoblin shouts!
The quokka attacks as you move away! The quokka barely misses you.
A giant cockroach comes into view.
You barely miss the quokka. The quokka bites you. The quokka barely misses you.
You barely miss the quokka. The giant cockroach bites you.
The quokka bites you.
You closely miss the quokka. The quokka closely misses you.
The giant cockroach bites you.
The quokka bites you but does no damage.
You closely miss the giant cockroach.
The giant cockroach bites you but does no damage.
The quokka bites you.
The giant cockroach bites you but does no damage.
You hit the giant cockroach.
The giant cockroach is almost dead.
The quokka bites you. The giant cockroach misses you.
You closely miss the giant cockroach.
The giant cockroach is almost dead.
The quokka bites you. The giant cockroach barely misses you.
The quokka bites you. The giant cockroach bites you.
You hit the giant cockroach.
You kill the giant cockroach!
The quokka bites you.
* * * LOW HITPOINT WARNING * * *
You see here a giant cockroach corpse.
You slash the quokka!
You kill the quokka!
You completely miss the hobgoblin. The hobgoblin closely misses you.
You hit the hobgoblin.
The hobgoblin is almost dead.
The hobgoblin misses you.
You hit the hobgoblin.
You kill the hobgoblin!
You see here a hobgoblin corpse.
You start resting.
HP restored.
A ball python comes into view.
The ball python hisses angrily.
You closely miss the ball python.
The ball python bites you but does no damage.
The ball python grabs you. The ball python constricts you.
You hit the ball python.
You kill the ball python!
No target in view!
No target in view!
A bat comes into view.
The bat hits you. The bat closely misses you.
You closely miss the bat. The bat hits you. x2
You closely miss the bat. The bat barely misses you.
The bat hits you but does no damage.
You barely miss the bat. The bat hits you but does no damage.
A frilled lizard comes into view.
The bat hits you but does no damage. The bat hits you but does no damage.
You barely miss the bat. The bat barely misses you.
You slash the bat!
You kill the bat!
The frilled lizard hisses angrily.
You hit the frilled lizard.
The frilled lizard is heavily wounded.
The frilled lizard completely misses you.
You miss the frilled lizard.
The frilled lizard is heavily wounded.
The frilled lizard bites you.
You closely miss the frilled lizard.
The frilled lizard is heavily wounded.
The frilled lizard bites you.
You closely miss the frilled lizard.
The frilled lizard bites you but does no damage. x2
You slash the frilled lizard!
You kill the frilled lizard!
No target in view!
An endoplasm comes into view.
Found a scroll labelled QEUSIC MASK.
The endoplasm quivers.
You hit the endoplasm. You punch the endoplasm.
The endoplasm is almost dead.
The endoplasm freezes you.
You are frozen!
You feel a terrible chill!
You completely miss the endoplasm.
The endoplasm is almost dead.
The endoplasm freezes you.
You are frozen.
You feel a terrible chill!
You slash the endoplasm!
You kill the endoplasm!
No target in view!
A ball python comes into view.
The ball python hisses angrily.
You see here a scroll labelled QEUSIC MASK.
A ball python is nearby!
f - a scroll labelled QEUSIC MASK You closely miss the ball python.
The ball python barely misses you. The ball python misses you.
The ball python bites you but does no damage.
The ball python grabs you. The ball python constricts you.
You barely miss the ball python. The ball python closely misses you.
The ball python constricts you.
You hit the ball python.
You kill the ball python!
No target in view!
No target in view!
You see here a ball python corpse.
You see here a ball python corpse.
A goblin comes into view. It is wielding a +0 dagger.
A goblin is nearby!
The goblin shouts!
The goblin hits you but does no damage.
You hit the goblin.
You kill the goblin!
No target in view!
Things that are here:
a +0 dagger; a goblin corpse
Things that are here:
a +0 dagger; a goblin corpse A goblin comes into view.
It is wielding a +0 dagger.
A ball python comes into view.
The ball python hisses angrily.
The helpless goblin fails to defend itself.
You hit the goblin.
The goblin is moderately wounded.
The goblin hits you with a +0 dagger.
You hit the goblin.
You kill the goblin!
The ball python bites you. The ball python grabs you.
The ball python constricts you.
You see here a +0 dagger.
You closely miss the ball python. The ball python barely misses you.
The ball python constricts you.
You barely miss the ball python. The ball python closely misses you.
The ball python constricts you.
The ball python bites you but does no damage.
The ball python constricts you.
You hit the ball python.
You kill the ball python!
You have reached level 3!
Your experience leads to an increase in your attributes!
Increase (S)trength, (I)ntelligence, or (D)exterity?
You feel clever. x2
The power to cast Apportation wells up from within.
Spell assigned to 'f'.
You see here a ball python corpse.
g - a scroll labelled OMIEDD GOMOWYO You now have 17 gold pieces (gained 7).
A goblin and a ball python come into view.
The goblin shouts!
The ball python hisses angrily.
You hear a shout!
The ball python bites you. The ball python closely misses you.
You barely miss the ball python. The ball python bites you.
The ball python grabs you. The ball python constricts you.
You hit the ball python but do no damage.
The ball python closely misses you. The ball python constricts you.
You hit the ball python.
You kill the ball python!
A hobgoblin comes into view.
The goblin hits you but does no damage.
The hobgoblin moves out of view.
You hit the goblin.
The goblin is heavily wounded.
The goblin hits you with a +0 dagger.
You hit the goblin.
You kill the goblin!
No target in view!
A hobgoblin is nearby!
You hit the hobgoblin but do no damage. The hobgoblin hits you.
You hit the hobgoblin.
The hobgoblin is heavily wounded.
An endoplasm comes into view.
The hobgoblin misses you.
You barely miss the hobgoblin.
The hobgoblin is heavily wounded.
The hobgoblin hits you. x2
You barely miss the hobgoblin.
The hobgoblin is heavily wounded.
The hobgoblin closely misses you.
The endoplasm quivers.
You hit the hobgoblin.
The hobgoblin is heavily wounded.
The hobgoblin closely misses you.
You slash the hobgoblin!
You kill the hobgoblin!
Items here: ) †††.
You hit the endoplasm.
The endoplasm is heavily wounded.
The endoplasm hits you.
You hit the endoplasm.
You kill the endoplasm!
No target in view!
Items here: ) †††.
h - a +0 dagger You drop a +0 dagger.
Found a falchion.
h - a bubbling dark potion You see here a ring of flight.
You see here a ring of flight.
A bat comes into view.
You hit the bat.
You kill the bat!
An endoplasm comes into view.
Found a stone staircase leading down.
The endoplasm quivers.
Found a bubbling brown potion.
You see here a scarf of harm.
The endoplasm jiggles.
You slash the endoplasm!
You kill the endoplasm!
i - a bubbling brown potion You reach down and open the door.
There is an open door here.
A hobgoblin comes into view.
The hobgoblin shouts!
You hit the hobgoblin.
You kill the hobgoblin!
No target in view!
A giant cockroach comes into view.
You see here a hobgoblin corpse.
You closely miss the giant cockroach.
The giant cockroach waves its antennae.
The giant cockroach bites you but does no damage.
You hit the giant cockroach.
You kill the giant cockroach!
No target in view!
No target in view!
You see here a giant cockroach corpse.
A hobgoblin comes into view.
The hobgoblin shouts!
A giant cockroach comes into view.
You hit the hobgoblin.
The hobgoblin is almost dead.
The hobgoblin hits you. The hobgoblin closely misses you.
You hit the hobgoblin but do no damage.
The hobgoblin is almost dead.
The hobgoblin misses you.
You barely miss the hobgoblin.
The hobgoblin is almost dead.
The hobgoblin hits you.
You hit the hobgoblin but do no damage.
The hobgoblin is almost dead.
The hobgoblin barely misses you.
You hit the hobgoblin.
You kill the hobgoblin!
You barely miss the giant cockroach. The giant cockroach barely misses you.
The giant cockroach closely misses you.
You hit the giant cockroach.
The giant cockroach is heavily wounded.
The giant cockroach barely misses you.
You barely miss the giant cockroach.
The giant cockroach is heavily wounded.
A frilled lizard comes into view.
The giant cockroach closely misses you.
You hit the giant cockroach but do no damage.
The giant cockroach is heavily wounded.
The giant cockroach barely misses you.
The giant cockroach bites you but does no damage.
You hit the giant cockroach but do no damage.
The giant cockroach is heavily wounded.
The giant cockroach barely misses you.
You hit the giant cockroach but do no damage.
The giant cockroach is heavily wounded.
The giant cockroach closely misses you.
The giant cockroach bites you but does no damage.
You hit the giant cockroach.
The giant cockroach is severely wounded.
The giant cockroach closely misses you.
You closely miss the giant cockroach.
The giant cockroach is heavily wounded.
The giant cockroach completely misses you.
You closely miss the giant cockroach.
The giant cockroach is heavily wounded.
The giant cockroach closely misses you. The giant cockroach barely misses you.
You barely miss the giant cockroach.
The giant cockroach is heavily wounded.
The giant cockroach barely misses you.
You closely miss the giant cockroach.
The giant cockroach is heavily wounded.
The giant cockroach closely misses you. The giant cockroach barely misses you.
You barely miss the giant cockroach.
The giant cockroach is heavily wounded.
The giant cockroach bites you but does no damage.
You hit the giant cockroach.
You kill the giant cockroach!
The frilled lizard barely misses you.
You hit the frilled lizard.
The frilled lizard is heavily wounded.
The frilled lizard bites you.
You hit the frilled lizard.
You kill the frilled lizard!
No target in view!
Things that are here:
a frilled lizard corpse; a hobgoblin corpse
Found a hand axe.
You reach down and open the door.
A bat comes into view.
The bat closely misses you.
There is an open door here.
You miss the bat. The bat closely misses you. The bat closely misses you. x2
You closely miss the bat. The bat hits you. The bat completely misses you.
The bat barely misses you.
You slash the bat!
You kill the bat!
No target in view!
Found 6 stones.
You now have 35 gold pieces (gained 18).
You see here 6 stones.
You reach down and open the door.
There is an open door here.
You see here a giant cockroach corpse.
A ball python comes into view.
The ball python hisses angrily.
You hear an angry hiss.
A ball python comes into view.
You hit the ball python.
You kill the ball python!
You hit the ball python.
You kill the ball python!
No target in view!
You reach down and open the door.
There is an open door here.
Found Pier's Jewellery Shop.
No target in view!
Found 4 stones.
Found a stone staircase leading down.
Found a stone staircase leading down.
A hobgoblin comes into view.
The hobgoblin shouts!
You barely miss the hobgoblin. The hobgoblin hits you.
You closely miss the hobgoblin. The hobgoblin barely misses you.
You closely miss the hobgoblin. The hobgoblin closely misses you.
The hobgoblin hits you.
You slash the hobgoblin!
You kill the hobgoblin!
No target in view!
No target in view!
There is an entrance to Pier's Jewellery Shop here.
You reach down and open the door.
There is an open door here.
You reach down and open the door.
There is an open door here.
There is an open door here.
A giant cockroach comes into view.
The helpless giant cockroach fails to defend itself.
You slash the giant cockroach!
You kill the giant cockroach!
No target in view!
A goblin comes into view. It is wielding a +0 dagger.
The goblin hits you with a +0 dagger.
You hit the goblin but do no damage. The goblin hits you but does no damage.
You barely miss the goblin. The goblin closely misses you.
You closely miss the goblin. The goblin hits you but does no damage.
You closely miss the goblin. The goblin barely misses you.
The goblin hits you with a +0 dagger.
You barely miss the goblin. The goblin hits you with a +0 dagger.
You closely miss the goblin. The goblin barely misses you.
You slash the goblin!
You kill the goblin!
No target in view!
Things that are here:
a +0 dagger; a goblin corpse Done exploring.
Done exploring.
Search for what [? for help]? d: Unknown command.
Unknown command.
You see here a +0 dagger.
There is a stone staircase leading down here.
You fly downwards.
There is a stone staircase leading up here.
The goblin shouts!
You hear a shout!
The goblin hits you with a +0 club.
You barely miss the goblin. The goblin hits you with a +0 club.
You hit the goblin.
You kill the goblin!
No target in view!
HP restored.
There is a stone staircase leading up here.
A hobgoblin comes into view.
The hobgoblin shouts!
The hobgoblin moves out of view.
Found a book of the Senses.
You barely miss the hobgoblin.
The hobgoblin hits you but does no damage.
You closely miss the hobgoblin. The hobgoblin misses you.
You barely miss the hobgoblin. The hobgoblin hits you.
You hit the hobgoblin but do no damage. The hobgoblin hits you.
The hobgoblin barely misses you.
You hit the hobgoblin.
You kill the hobgoblin!
No target in view!
You see here a hobgoblin corpse.
j - an orange potion A quokka comes into view.
You hit the quokka but do no damage.
The quokka bites you but does no damage.
You hit the quokka.
The quokka is almost dead.
The quokka barely misses you.
You hit the quokka but do no damage.
The quokka is almost dead.
The quokka splashes around in the water.
The quokka misses you.
You barely miss the quokka.
The quokka is almost dead.
The quokka bites you.
You closely miss the quokka.
The quokka is almost dead.
The quokka barely misses you.
You miss the quokka.
The quokka is almost dead.
The quokka splashes around in the water.
The quokka barely misses you.
You closely miss the quokka.
The quokka is almost dead.
The quokka closely misses you.
You slash the quokka!
You kill the quokka!
Found a quarterstaff.
A goblin comes into view. It is wielding a +0 dagger.
The goblin shouts!
Found a sling.
You miss the goblin. The goblin barely misses you.
The goblin hits you with a +0 dagger.
You slash the goblin!
You kill the goblin!
You see here a +0 dagger.
k - a dark potion
l - a scroll labelled POINAOLATU A rat comes into view.
The rat moves out of view.
Found a stone staircase leading down.
An adder comes into view.
The adder closely misses you.
You closely miss the adder. The adder barely misses you.
You hit the adder.
The adder is moderately wounded.
The adder bites you. The adder barely misses you.
You barely miss the adder.
The adder is moderately wounded.
The adder bites you.
You slash the adder!
You kill the adder!
Your Stealth skill increases to level 1!
You have reached level 4!
You feel clever.
There is a stone staircase leading down here.
An endoplasm comes into view.
The endoplasm quivers.
You hit the endoplasm.
You kill the endoplasm!
No target in view!
Found a spear.
Terence the Incautious comes into view.
He is wielding a +0 falchion and wearing a +4 chain mail of fire resistance.
Press: ? - help, v - describe, . - travel
Here: Terence, wielding a +0 falchion and wearing a +4 chain mail of fire resistance (asleep)
The floor.
Placed new exclusion.
Unknown command.
Cast which spell? (? or * to list)
Aiming: Apportation (safe; 8% risk of failure)
Press: ? - help, Dir - move target Apport: a scroll labelled NECZUFIPNE Yoink!
You pull the item towards yourself.
m - a scroll labelled NECZUFIPNE You see here a +0 sling.
j - 2 orange potions (gained 1)
A goblin comes into view. It is wielding a +0 dagger.
The goblin shouts!
Found 8 stones.
You see here a +0 spear.
You hit the goblin.
You kill the goblin!
Things that are here:
a +0 dagger; a goblin corpse You see here 8 stones.
Things that are here:
a +0 dagger; a goblin corpse A goblin comes into view.
It is wielding a +0 club.
The goblin shouts!
A rat comes into view.
You hit the goblin.
The goblin is moderately wounded.
The goblin hits you with a +0 club.
You hit the goblin.
You kill the goblin!
Found a stone staircase leading down.
Things that are here:
a +0 club; a goblin corpse You hit the rat.
The rat is heavily wounded.
The rat bites you but does no damage.
You hit the rat.
You kill the rat!
No target in view!
There is a stone staircase leading down here.
You barely miss the rat. Your punch misses the rat. You barely miss the rat.
The rat barely misses you.
The rat splashes around in the water.
You hit the rat but do no damage.
The rat splashes around in the water.
You closely miss the rat. The rat misses you.
You hit the rat.
You kill the rat!
You slash the rat!
You kill the rat!
No target in view!
No target in view!
You now have 45 gold pieces (gained 10).
A hobgoblin comes into view.
The hobgoblin shouts!
You hear a shout!
A ball python comes into view.
The hobgoblin throws a stone.
The stone hits you.
The hobgoblin throws a stone.
The stone hits you.
The hobgoblin throws a stone.
The stone barely misses you.
You start resting.
A hobgoblin is nearby!
You closely miss the hobgoblin. The hobgoblin barely misses you. x2
You hit the hobgoblin but do no damage.
The hobgoblin hits you but does no damage.
You hit the hobgoblin.
The hobgoblin is severely wounded.
The hobgoblin hits you.
You hit the hobgoblin but do no damage.
The hobgoblin is severely wounded.
The hobgoblin closely misses you.
You closely miss the hobgoblin. You punch the hobgoblin.
You kill the hobgoblin!
l - 2 scrolls labelled POINAOLATU (gained 1)
Things that are here:
4 stones; a hobgoblin corpse HP restored.
A ball python is nearby!
The ball python bites you. The ball python grabs you.
The ball python constricts you.
You hit the ball python.
You kill the ball python!
A ball python comes into view.
Found a stone staircase leading up.
The ball python hisses angrily.
A hobgoblin comes into view.
You hit the ball python.
You kill the ball python!
Found a club.
A goblin comes into view. It is wielding a +0 short sword.
The goblin shouts!
You hit the hobgoblin.
You kill the hobgoblin!
You see here a hobgoblin corpse.
The goblin unwields a +0 short sword.
The goblin wields a +0 sling.
The goblin shoots a sling bullet.
The sling bullet closely misses you.
The goblin unwields a +0 sling.
The goblin wields a +0 short sword.
The goblin closely misses you.
You hit the goblin.
The goblin is moderately wounded.
The goblin closely misses you.
You hit the goblin.
You kill the goblin!
No target in view!
A quokka comes into view.
The quokka bites you but does no damage.
The quokka closely misses you.
You hit the quokka.
You kill the quokka!
Your Spellcasting skill increases to level 3!
No target in view!
No target in view!
You see here a quokka corpse.
Found a stone staircase leading up.
Found a chain mail.
An endoplasm comes into view.
Found a stone staircase leading down.
You see here 13 gold pieces.
An endoplasm is nearby!
The endoplasm quivers.
An endoplasm comes into view.
Found 9 gold pieces.
You hit the endoplasm.
The endoplasm is severely wounded.
The endoplasm hits you.
You hit the endoplasm.
You kill the endoplasm!
The endoplasm quivers.
You hit the endoplasm.
The endoplasm is severely wounded.
The endoplasm hits you but does no damage.
You hit the endoplasm but do no damage.
The endoplasm is severely wounded.
The endoplasm hits you.
You hit the endoplasm but do no damage.
The endoplasm is severely wounded.
The endoplasm freezes you.
You are frozen.
You slash the endoplasm!
You kill the endoplasm!
No target in view!
n - a black potion You now have 49 gold pieces (gained 4).
You now have 62 gold pieces (gained 13).
Found 4 stones.
A kobold comes into view. It is wielding a +0 short sword.
There is a stone staircase leading down here.
A kobold is nearby!
The kobold shouts!
The kobold throws a stone.
The stone hits you but does no damage.
Found 3 poisoned darts.
You slash the kobold!
You kill the kobold!
No target in view!
No target in view!
No target in view!
o - a scroll labelled OGHIOH MEMUCE
Found 11 gold pieces.
You see here 3 poisoned darts.
p - 3 poisoned darts You now have 73 gold pieces (gained 11).
You now have 82 gold pieces (gained 9).
Found a dagger.
Found a sling.
j - 3 orange potions (gained 1)
You see here a +0 sling.
You now have 91 gold pieces (gained 9).
Partly explored, can't reach some places.
Partly explored, can't reach some places.
You see here a +0 club.
There is a stone staircase leading up here.
There is a stone staircase leading down here.
Search for what [Enter for "d:", or ? for help]? d: You fly downwards.
Found a dagger, 11 gold pieces and a sling.
There is a stone staircase leading up here.
The kobold shouts!
The frilled lizard hisses angrily.
A kobold comes into view. It is wielding a +0 whip.
The kobold shouts!
You hit the frilled lizard.
You kill the frilled lizard!
There is a stone staircase leading up here.
The frilled lizard bites you but does no damage.
The kobold barely misses you.
You fly upwards.
Level annotation: Terence
There is a stone staircase leading down here.
You slash the frilled lizard!
You kill the frilled lizard!
The kobold hits you but does no damage.
You hit the kobold.
You kill the kobold!
You fly downwards.
The kobold hits you with a +0 whip.
There is a stone staircase leading up here.
You hit the kobold.
You kill the kobold!
No target in view!
HP restored.
You now have 102 gold pieces (gained 11).
Found a rapier.
Ijyb and a worm come into view.
Ijyb is wielding a +8 club and carrying a wand of paralysis (3).
Ijyb shouts!
You start waiting.
Ijyb is nearby!
You start waiting.
Ijyb is nearby!
Ijyb zaps a wand.
You resist with some effort.
You barely miss Ijyb. Ijyb barely misses you.
Ijyb zaps a wand.
You resist with some effort.
You hit Ijyb but do no damage. Ijyb hits you with a +8 club!
You hit Ijyb.
Ijyb is lightly wounded.
Ijyb closely misses you.
You hit Ijyb but do no damage.
Ijyb is lightly wounded.
Ijyb hits you with a +8 club!
You hit Ijyb but do no damage. Your punch misses Ijyb.
Ijyb is lightly wounded.
Ijyb hits you with a +8 club!
* * * LOW HITPOINT WARNING * * *
You barely miss Ijyb.
Ijyb is lightly wounded.
Ijyb zaps a wand.
You suddenly lose the ability to move!
The now-empty wand crumbles to dust.
Ijyb hits you with a +8 club!
You die...

Skill      XL: |  1  2  3  4 |
---------------+-------------+-----
Long Blades    | 2 |  2.6
Stealth        | 1 |  1.2
Spellcasting   | 3 |  3.0
Fighting       | |  2.5
Throwing       | |  0.7
Armour         | |  1.0
Dodging        | |  2.1

Action                     |  1- 3 |  4- 6 || total
---------------------------+-------+-------++-------
  Melee: Falchion          |   134 |    40 ||   174
         Punch             |     2 |     1 ||     3
   Cast: Apportation       |       |     1 ||     1
   Stab: Sleeping          |     2 |       ||     2
 Armour: Leather armour    |    32 |     7 ||    39
  Dodge: Dodged            |    72 |    13 ||    85

Levels and vault maps discovered:
D:1:      psy_arrival_radial02, layout_basic, serial_shops,
          nicolae_shop_tiny_statue_garden, dk_noncrumbling_2
D:2:      wander_river, layout_rooms, st_stairs_14, dreamdust_mushroom_princess,
          uniq_terence
D:3:      layout_rooms, serial_shops, shop, nicolae_shop_window_shopping,
          uniq_ijyb, uniq_jessica, uniq_grinder, uniq_natasha

Notes
Turn   | Place    | Note
-------+----------+-------------------------------------------
     0 | D:1      | scionoferis the Djinni Warper began the quest for the Orb.
     0 | D:1      | scionoferis set off with the following spells memorised:
                  | Blink, Lesser Beckoning, Vhi's Electric Charge, Teleport
                  | Other, Manifold Assault.
     0 | D:1      | Reached XP level 1. HP: 18/18 MP: 0/0
    63 | D:1      | Reached skill level 2 in Long Blades
    63 | D:1      | Reached XP level 2. HP: 17/23 MP: 0/0
   443 | D:1      | Reached XP level 3. HP: 26/28 MP: 0/0
   443 | D:1      | Learned a level 1 spell: Apportation
   779 | D:1      | Found Pier's Jewellery Shop.
  1327 | D:2      | Reached skill level 1 in Stealth
  1327 | D:2      | Reached XP level 4. HP: 30/34 MP: 0/0
  1352 | D:2      | Noticed Terence
  1556 | D:2      | Reached skill level 3 in Spellcasting
  1839 | D:3      | Noticed Ijyb
  1853 | D:3      | Paralysed by Ijyb for 5 turns
  1853 | D:3      | Slain by Ijyb

Vanquished Creatures
  An adder (D:2)
  7 endoplasms (D:1 D:2)
  7 giant cockroaches (D:1)
  9 hobgoblins (D:1 D:2)
  3 quokkas (D:1 D:2)
  8 ball pythons (D:1 D:2)
  4 bats (D:1)
  4 frilled lizards (D:1 D:3 D:2)
  9 goblins (D:1 D:2)
  3 kobolds (D:2 D:3)
  4 rats (D:1 D:2)
59 creatures vanquished.

Table legend: (Time is in decaauts)
 A = Elapsed time spent in this place.
 B = Non-inter-level travel time spent in this place.
 C = Inter-level travel time spent in this place.
 D = Time resting spent in this place.
 E = Time spent auto-exploring this place.
 F = Levels seen in this place.
 G = Mean time per level.
                   A        B        C        D        E       F      G
               +--------+--------+--------+--------+--------+-----+--------+
         Total |   1886 |   1813 |     73 |     84 |   1260 |   3 |  628.7 |
       Dungeon |   1886 |   1813 |     73 |     84 |   1260 |   3 |  628.7 |
               +--------+--------+--------+--------+--------+-----+--------+

Top non-repeatable levels by time:
     D:1: 1237 daAuts
     D:2: 596 daAuts
     D:3: 51 daAuts

Table legend:
 A = Non-vault XP
 B = Vault XP
 C = Vault XP percentage of total XP
 D = Non-vault monster count
 E = Vault monster count
 F = Vault count percentage of total count
                 A         B        C        D         E       F
            +---------+---------+-------+---------+---------+-------
      Total |     107 |       2 |   1.8 |      58 |       1 |   1.7
            +---------+---------+-------+---------+---------+-------
        D:1 |      60 |       0 |   0.0 |      35 |       0 |   0.0
        D:2 |      45 |       2 |   4.3 |      21 |       1 |   4.5
        D:3 |       2 |       0 |   0.0 |       2 |       0 |   0.0
            +---------+---------+-------+---------+---------+-------
